 Dungeon Sprint DCSS version 0.26-a0-846-gcc8f1ee719 (webtiles) character file.

Game seed: 9147960994873419978

16 rocky1 the Grave Robber (level 2, -1/19 HPs)
             Began as a Mummy Necromancer on Nov 20, 2020.
             Was an Initiate of Sif Muna.
             Slain by a worker ant (7 damage)
             ... in the Dungeon (Sprint VII: "The Pits").
             The game lasted 00:00:55 (373 turns).

rocky1 the Grave Robber (Mummy Necromancer)          Turns: 373, Time: 00:00:56

Health: -1/19      AC:  2    Str: 11    XL:     2   Next: 37%
Magic:  2/5        EV: 12    Int: 14    God:    Sif Muna [......]
Gold:   0          SH:  0    Dex: 12    Spells: 5/6 levels left

rFire    x . .     SeeInvis .   f - +2 quarterstaff
rCold    + . .     Faith    .   (shield currently unavailable)
rNeg     + + +     Spirit   .   a - +0 robe
rPois    ∞         Reflect  .   (no helmet)
rElec    .         Harm     .   (no cloak)
rCorr    .         Rampage  .   (no gloves)
MR       .....     NoTele   +   (no boots)
Stlth    ++........             (no amulet)
HPRegen  0.06/turn              (no ring)
MPRegen  0.09/turn              (no ring)

@: no status effects
A: no potions, fire vulnerability, cold resistance 1, negative energy resistance
3, torment resistance, unbreathing
a: Renounce Religion


You were in the Dungeon.
You worshipped Sif Muna.
Sif Muna was noncommittal.
You visited 1 branch

Inventory:

Hand Weapons
 f - a +2 quarterstaff (weapon)
Armour
 a - a +0 robe (worn)
Scrolls
 b - 3 scrolls of remove curse
 c - a scroll of blinking
 d - 5 scrolls of amnesia
 e - a scroll of summoning


   Skills:
 - Level 1.5 Dodging
 - Level 1.5 Stealth
 - Level 2.6 Spellcasting
 + Level 6.4 Necromancy


You had 5 spell levels left.
You knew the following spells:

 Your Spells              Type           Power        Failure   Level
a - Pain                  Necr           ###.         1%          1

Your spell library contained the following spells:

 Spells                   Type           Power        Failure   Level
 Animate Skeleton         Necr           ###...       1%          1
 Vampiric Draining        Necr           ###.......   4%          3
 Animate Dead             Necr           ###.......   16%         4
 Agony                    Necr           ###.....     41%         5


Dungeon Overview and Level Annotations

Branches:
Dungeon (1/1)

Altars:
Ashenzari
Cheibriados
Dithmenos
Elyvilon
Fedhas
Gozag
Hepliaklqana
Kikubaaqudgha
Makhleb
Nemelex Xobeh
Okawaru
Qazlal
Ru
Sif Muna
Trog
Uskayaw
Vehumet
Wu Jian
Xom
Yredelemnul
Zin
The Shining One
Beogh
Jiyva
Lugonu


Innate Abilities, Weirdness & Mutations

You do not drink.
Your flesh is vulnerable to fire.
You are immune to poison.
Your flesh is cold resistant. (rC+)
You are immune to negative energy. (rN+++)
You are immune to unholy pain and torment.
You can survive without breathing.


Message History

Press: ? - help, Shift-Dir - straight line, f - gnoll
Aim: a gnoll, wielding a +0 spear (chance to defeat MR: 84%)
The gnoll writhes in agony.
The gnoll hits you from afar with a +0 spear!
Casting: Pain (safe; 1% risk of failure)
Confirm with . or Enter, or press ? or * to list all spells.
Aiming: Pain (safe; 1% risk of failure)
Press: ? - help, Shift-Dir - straight line, f/p - gnoll
Aim: a gnoll, wielding a +0 spear (moderately wounded, chance to defeat MR: 84%)
The worker ant writhes in agony.
The worker ant bites you. The gnoll closely misses you.
The worker ant completely misses you.
Unknown command.
Casting: Pain (safe; 1% risk of failure)
Confirm with . or Enter, or press ? or * to list all spells.
Aiming: Pain (safe; 1% risk of failure)
Press: ? - help, Shift-Dir - straight line, f/p - gnoll
Aim: a gnoll, wielding a +0 spear (moderately wounded, chance to defeat MR: 84%)
The worker ant writhes in agony.
The gnoll barely misses you. The worker ant bites you!
You die...

_________.#
_______...###########++
##########'##...........
#.?(!')))'.##......#..#.
##########.##...........
#...........'...........
#+#####'#####......#..#.
#..#g.##...........
+.@B..#####'#####++
####+###.......#
#.......# #.......#
#...<...# #.......#
#.......# #.......#
#########


You could see a worker ant and a gnoll.

Vanquished Creatures
  A gnoll (D)
  An ufetubus (D)
2 creatures vanquished.

Notes
Turn   | Place    | Note
-------+----------+-------------------------------------------
     0 | D        | rocky1 the Mummy Necromancer began the quest for the Orb.
     0 | D        | Reached XP level 1. HP: 13/13 MP: 4/4
    25 | D        | Reached skill level 5 in Necromancy
    25 | D        | Reached XP level 2. HP: 4/19 MP: 1/5
   301 | D        | Found a bloodstained altar of Trog.
   301 | D        | Found a shimmering blue altar of Sif Muna.
   301 | D        | Found a viscous altar of Jiyva.
   301 | D        | Found a hazy altar of Hepliaklqana.
   301 | D        | Found an opulent altar of Gozag.
   302 | D        | Found a glowing golden altar of the Shining One.
   302 | D        | Found a glowing silver altar of Zin.
   302 | D        | Found a basalt altar of Yredelemnul.
   302 | D        | Found a shimmering altar of Xom.
   302 | D        | Found an ornate altar of the Wu Jian Council.
   302 | D        | Found a sacrificial altar of Ru.
   302 | D        | Found a stormy altar of Qazlal.
   302 | D        | Found an iron altar of Okawaru.
   302 | D        | Found a sparkling altar of Nemelex Xobeh.
   302 | D        | Found a burning altar of Makhleb.
   302 | D        | Found a blossoming altar of Fedhas.
   302 | D        | Found a white marble altar of Elyvilon.
   302 | D        | Found a shadowy altar of Dithmenos.
   302 | D        | Found a snail-covered altar of Cheibriados.
   305 | D        | Found a corrupted altar of Lugonu.
   305 | D        | Found a radiant altar of Vehumet.
   305 | D        | Found a roughly hewn altar of Beogh.
   306 | D        | Found an ancient bone altar of Kikubaaqudgha.
   306 | D        | Found a hide-covered altar of Uskayaw.
   306 | D        | Found a broken altar of Ashenzari.
   307 | D        | Became a worshipper of Sif Muna the Loreminder
   322 | D        | Reached skill level 6 in Necromancy
   373 | D        | Slain by a worker ant

Illustrated notes

Levels and vault maps discovered:
D:        pitsprint [storerooms_1, entrance_room_1, metal_vault_2, armoury_1,
          mini_pit_1, grid_room_1, main_hall_1, silver_pit, the_coven_3,
          the_vestibule_1, steel_vault_4, golden_pit, hallway_of_sentries,
          crystal_vault_4, iron_vault_4, final_vault]

Skill      XL: |  1  2 |
---------------+-------+-----
Necromancy     | 5 6 |  6.4
Dodging        | |  1.5
Stealth        | |  1.5
Spellcasting   | |  2.6

Action                   || total
-------------------------++-------
Melee: Unarmed           ||     9
       Quarterstaff      ||     3
 Cast: Pain              ||     6
Armor: Robe              ||     2
Dodge: Dodged            ||    14

Table legend: (Time is in decaauts)
 A = Elapsed time spent in this place.
 B = Non-inter-level travel time spent in this place.
 C = Inter-level travel time spent in this place.
 D = Time resting spent in this place.
 E = Time spent auto-exploring this place.
 F = Levels seen in this place.
 G = Mean time per level.
                   A        B        C        D        E       F      G
               +--------+--------+--------+--------+--------+-----+--------+
         Total |    373 |    373 |      0 |    289 |      0 |   1 |  373.0 |
       Dungeon |    373 |    373 |      0 |    289 |      0 |   1 |  373.0 |
               +--------+--------+--------+--------+--------+-----+--------+

Top non-repeatable levels by time:
       D: 373 daAuts
